 Dungeon Crawl Stone Soup version 0.27-a0-909-g0721f309d1 (webtiles) character file.

Game seed: 11609554402336488779

942 DwarfAlpaca the Thaumaturge (level 8, -2/50 HPs)
             Began as a Djinni Air Elementalist on Apr 8, 2021.
             Was a Follower of Makhleb.
             Slain by an unseen horror (11 damage)
             ... on level 6 of the Dungeon.
             The game lasted 00:16:13 (6264 turns).

DwarfAlpaca the Thaumaturge (DjAE)                  Turns: 6264, Time: 00:16:14

Health: -2/50      AC:  3    Str:  7    XL:     8   Next: 12%
Gold:   388        EV: 12    Int: 20    God:    Makhleb [*.....] SH:  0 Dex: 13

rFire    + + +     SeeInvis .   c - staff of conjuration
rCold    x . .     Faith    .   (no shield)
rNeg     . . .     Spirit   .   a - +1 robe
rPois    ∞         Reflect  .   (no helmet)
rElec    .         Harm     .   (no cloak)
rCorr    .         Rampage  .   (no gloves)
Will     .....                  (boots unavailable)
Stlth    ++........             (no amulet)
HPRegen  0.16/turn              d - ring of protection from fire
MPRegen  0.00/turn              (no ring)

@: flying
A: fire resistance 2, cold vulnerability 1, float, innate caster, hp casting,
extra vitality 1
a: Renounce Religion


You were on level 6 of the Dungeon.
You worshipped Makhleb.
Makhleb was aware of your devotion.
You visited 2 branches of the dungeon, and saw 7 of its levels.

You collected 388 gold pieces.

Inventory:

Armour
 a - a +1 robe (worn)
Magical Staves
 c - a staff of conjuration (weapon)
Jewellery
 d - a ring of protection from fire (left hand)
Wands
 l - a wand of iceblast (11)
Scrolls
 b - a scroll of identify
 f - a scroll of enchant armour
 j - 3 scrolls of enchant weapon
 m - a scroll of blinking {unknown}
 n - a scroll of vulnerability {unknown}
Potions
 e - a potion of attraction {unknown}
 h - 2 potions of mutation {unknown}
 i - 2 potions of heal wounds
 k - a potion of lignification {unknown}
 o - a potion of haste {unknown}
 p - a potion of curing {unknown}
 q - 2 potions of ambrosia {unknown}


   Skills:
 - Level 2.1 Dodging
 - Level 1.5 Stealth
 * Level 8.1 Spellcasting


You had 3 spell levels left.
You knew the following spells:

 Your Spells              Type           Power      Damage    Failure   Level
a - Shock                 Conj/Air       100%       1d9       1%          1
b - Swiftness             Air            40%        N/A       1%          2
c - Static Discharge      Conj/Air       57%        N/A       1%          3
d - Airstrike             Air            20%        N/A       3%          4
e - Lightning Bolt        Conj/Air       28%        1d45      9%          5
f - Corona                Hex            44%        N/A       1%          1
g - Corpse Rot            Necr/Air       N/A        N/A       1%          2
h - Slow                  Hex            40%        N/A       1%          2
Your spell library was empty.

Dungeon Overview and Level Annotations

Branches:
Dungeon (6/15)             Temple (1/1) D:4

Altars:
Dithmenos
Elyvilon
Fedhas
Gozag
Hepliaklqana
Kikubaaqudgha
Makhleb
Nemelex Xobeh
Okawaru
Qazlal
Ru
Trog
Uskayaw
Wu Jian
Xom
Yredelemnul
Zin
The Shining One


Innate Abilities, Weirdness & Mutations

You are immune to poison.
Your flesh is very heat resistant. (rF++)
You are vulnerable to cold. (rC-)
You float through the air rather than walking.
You learn spells naturally, not from books.
Your magical power is your life essence.
You have superior vitality. (+4 HP)


Message History

Something barely misses you.
As you read the scroll labelled NEZOJA VIGU, it crumbles to dust.
The scroll dissolves into smoke.
It was a scroll of fog.
Something hits you but does no damage.
Casting: Airstrike (dangerous; 3% risk of failure)
Confirm with . or Enter, or press ? or * to list all spells.
Aiming: Airstrike (dangerous; 3% risk of failure)
Press: ? - help, Dir - move target
Aim: Disturbance (grey smoke)
The air twists around and strikes something!
Something hits you!
Casting: Airstrike (dangerous; 3% risk of failure)
Confirm with . or Enter, or press ? or * to list all spells.
Aiming: Airstrike (dangerous; 3% risk of failure)
Press: ? - help, Dir - move target
Aim: Disturbance (grey smoke)
The air twists around and strikes something!
Something hits you.
Casting: Airstrike (dangerous; 3% risk of failure)
Confirm with . or Enter, or press ? or * to list all spells.
You can't see any susceptible monsters within range! (Use Z to cast anyway.)
Casting: Airstrike (dangerous; 3% risk of failure)
Confirm with . or Enter, or press ? or * to list all spells.
The spell is quite dangerous to cast (9% risk of failure)!
Continue anyway?
Aiming: Lightning Bolt (quite dangerous; 9% risk of failure)
Press: ? - help, Shift-Dir - straight line
Okay, then.
Casting: Lightning Bolt (quite dangerous; 9% risk of failure)
Confirm with . or Enter, or press ? or * to list all spells.
The spell is quite dangerous to cast (9% risk of failure)!
Continue anyway?
Aiming: Lightning Bolt (quite dangerous; 9% risk of failure)
Press: ? - help, Shift-Dir - straight line
Aim: Disturbance (grey smoke)
You feel a surge of power!
You hear a mighty clap of thunder!
* * * LOW HITPOINT WARNING * * *
Something hits you.
* * * LOW HITPOINT WARNING * * *
Something hits you!
You die...

#### ...### .....##
......## ### .......##
########.# ........#
#§{@§§...#
....#####.....§#####..#
...<......##### #..#
.....###### #..# ##..##
#..# #....#### #..#
#.......# #..#
........# #..#
........# #..###


There were no monsters in sight!

Vanquished Creatures
  Menkaure (D:4)
  An ogre (D:5)
  A phantom (D:5)
  A centaur (D:6)
  A bullfrog (D:4)
  A scorpion (D:6)
  2 hounds
  An orc priest (D:5)
  Jessica (D:2)
  A bullfrog skeleton (D:6)
  2 iguanas
  A hound zombie (D:5)
  4 gnolls
  9 adders
  An ufetubus (D:4)
  2 worms
  6 dart slugs
  7 orcs
  13 endoplasms
  6 giant cockroaches
  6 goblins
  11 hobgoblins
  10 jackals
  6 kobolds
  5 quokkas
  10 ball pythons
  3 bats
  4 frilled lizards
  A rat (D:1)
118 creatures vanquished.

Notes
Turn   | Place    | Note
-------+----------+-------------------------------------------
     0 | D:1      | DwarfAlpaca the Djinni Air Elementalist began the quest for
                  | the Orb.
     0 | D:1      | Reached XP level 1. HP: 15/15 MP: 0/0
   199 | D:1      | Reached skill level 3 in Spellcasting
   298 | D:1      | Reached XP level 2. HP: 11/21 MP: 0/0
   786 | D:1      | Reached XP level 3. HP: 24/25 MP: 0/0
   786 | D:1      | Learned a level 1 spell: Corona
  1354 | D:2      | Noticed Jessica
  1383 | D:2      | Reached skill level 4 in Spellcasting
  1484 | D:2      | Killed Jessica
  1485 | D:2      | Reached XP level 4. HP: 30/31 MP: 0/0
  2473 | D:3      | Reached XP level 5. HP: 31/35 MP: 0/0
  2473 | D:3      | Learned a level 2 spell: Corpse Rot
  2610 | D:3      | Found a glowing silver altar of Zin.
  2610 | D:3      | Found a hide-covered altar of Uskayaw.
  3064 | D:4      | Reached skill level 5 in Spellcasting
  3098 | D:4      | Found a staircase to the Ecumenical Temple.
  3107 | Temple   | Entered the Ecumenical Temple
  3199 | Temple   | Became a worshipper of Makhleb the Destroyer
  3703 | D:4      | Noticed Menkaure
  4027 | D:4      | Killed Menkaure
  4028 | D:4      | Reached skill level 6 in Spellcasting
  4028 | D:4      | Reached XP level 6. HP: 31/40 MP: 0/0
  4395 | D:4      | Noticed a two-headed ogre
  4401 | D:4      | Reached XP level 7. HP: 19/45 MP: 0/0
  4401 | D:4      | Learned a level 2 spell: Slow
  4631 | D:4      | Reached * piety under Makhleb
  4856 | D:5      | Entered Level 5 of the Dungeon
  4957 | D:5      | Found a glowing golden altar of the Shining One.
  5194 | D:5      | Reached skill level 7 in Spellcasting
  5976 | D:6      | Reached skill level 8 in Spellcasting
  5976 | D:6      | Reached XP level 8. HP: 27/50 MP: 0/0
  6183 | D:6      | Found a hazy altar of Hepliaklqana.
  6187 | D:6      | Found a bloodstained altar of Trog.
  6189 | D:6      | Found an ornate altar of the Wu Jian Council.
  6264 | D:6      | Slain by an unseen horror

Illustrated notes

Levels and vault maps discovered:
D:1:      shiori_arrival_oz, layout_basic
D:2:      layout_loops_ring, uniq_jessica
D:3:      layout_rooms, amethyst_overflow_temple_binary, serial_park_tiny_1
D:4:      layout_basic, minmay_temple_entry_statues_pillars,
          minmay_divided_ellipse, uniq_menkaure
D:5:      layout_rooms, tso_altar, hangedman_decor_peaks_small,
          chequers_arboretum, dk_noncrumbling_3
D:6:      layout_cave_pods, grunt_temple_overflow_open, kennysheep_small_spiral,
          minivault_27, amethyst_killhole, minmay_shop_mayhem,
          grunt_ministairs_8, kennysheep_generic_room_12
Temple:   regret_index_temple_generic_petals

Skill      XL: |  1  2  3  4  5  6  7 |
---------------+----------------------+-----
Spellcasting   | 3 4 6 8 |  8.1
Dodging        | |  2.1
Stealth        | |  1.5

Action                   |  1- 3 |  4- 6 |  7- 9 || total
-------------------------+-------+-------+-------++-------
Melee: Short sword       |     1 |       |       ||     1
       Staff             |       |     5 |       ||     5
 Cast: Shock             |    50 |    86 |    39 ||   175
       Airstrike         |       |     3 |    16 ||    19
       Lightning Bolt    |       |       |     1 ||     1
  Use: Scroll            |       |       |     9 ||     9
 Stab: Sleeping          |     1 |       |       ||     1
Armor: Robe              |     1 |     4 |     1 ||     6
Dodge: Dodged            |     1 |    15 |     6 ||    22

Table legend: (Time is in decaauts)
 A = Elapsed time spent in this place.
 B = Non-inter-level travel time spent in this place.
 C = Inter-level travel time spent in this place.
 D = Time resting spent in this place.
 E = Time spent auto-exploring this place.
 F = Levels seen in this place.
 G = Mean time per level.
                   A        B        C        D        E       F      G
               +--------+--------+--------+--------+--------+-----+--------+
         Total |   6265 |   6153 |    112 |   1322 |   3874 |   7 |  895.0 |
       Dungeon |   6144 |   6047 |     97 |   1322 |   3779 |   6 | 1024.0 |
        Temple |    120 |    105 |     15 |      0 |     95 |   1 |  120.0 |
               +--------+--------+--------+--------+--------+-----+--------+

Top non-repeatable levels by time:
     D:4: 1588 daAuts
     D:1: 1320 daAuts
     D:5: 1089 daAuts
     D:2: 1062 daAuts
     D:3: 764 daAuts
     D:6: 319 daAuts
  Temple: 120 daAuts
